 Dungeon Crawl Stone Soup version 0.29-a0-885-gb26ba3297d (webtiles) character file.

Game seed: 11869846959739547672

157 jimonade the Shooter (level 5, -4/30 HPs)
             Began as a Deep Elf Hunter on July 21, 2022.
             Was an Initiate of Vehumet.
             Slain by a sky beast (6 damage)
             ... on level 4 of the Dungeon.
             The game lasted 00:05:52 (2573 turns).

jimonade the Shooter (Deep Elf Hunter)              Turns: 2573, Time: 00:05:53

Health: -4/30      AC:  3    Str:  8    XL:     5   Next: 15%
Magic:  20/20      EV: 12    Int: 14    God:    Vehumet [......]
Gold:   173        SH:  0    Dex: 20    Spells: 9/9 levels left

rFire   . . .      SeeInvis .   a - +0 shortbow
rCold   + . .      Faith    .   (shield currently unavailable)
rNeg    . . .      Spirit   .   c - +0 leather armour
rPois   .          Reflect  .   (no helmet)
rElec   .          Harm     .   (no cloak)
rCorr   .          Rampage  .   (no gloves)
Will    .....                   (no boots)
Stlth   ++........              l - amulet of magic regeneration
HPRegen 0.10/turn               d - ring of protection from cold
MPRegen 0.57/turn               q - ring of magical power

@: no status effects
A: no striking features
a: Renounce Religion


You were on level 4 of the Dungeon.
You worshipped Vehumet.
Vehumet was noncommittal.
You visited 2 branches of the dungeon, and saw 5 of its levels.

You collected 173 gold pieces.

Inventory:

Hand Weapons
 a - a +0 shortbow (weapon)
 k - a +1 battleaxe of draining
 p - a +0 dagger
Missiles
 j - 2 atropa-tipped darts
Armour
 c - a +0 leather armour (worn)
 o - a +0 chain mail
 r - an orb of guile
Jewellery
 d - a ring of protection from cold (left hand)
 l - an amulet of magic regeneration (around neck)
 q - a ring of magical power (right hand)
Scrolls
 b - a scroll of immolation
 f - a scroll of enchant armour {unknown}
 h - 3 scrolls of identify {unknown}
 n - 2 scrolls of noise {unknown}
Potions
 e - a potion of cancellation {unknown}
 g - 3 potions of curing {unknown}
 i - a potion of berserk rage {unknown}
 m - a potion of ambrosia {unknown}
 s - a potion of resistance {unknown}


   Skills:
 + Level 2.0 Fighting
 + Level 7.6 Ranged Weapons
 + Level 2.6 Dodging
 + Level 1.3 Stealth
 * Level 2.7 Spellcasting


You had 9 spell levels left.
You didn't know any spells.
Your spell library contained the following spells:

 Spells                   Type           Power      Damage    Failure   Level
 Foxfire                  Conj/Fire      4%         2x1d4     32%         1
 Slow                     Hex            4%         N/A       32%         1
 Sublimation of Blood     Necr           1%         N/A       43%         2
 Wereblood                Tmut           1%         N/A       43%         2
 Confusing Touch          Hex            1%         N/A       67%         3
 Conjure Flame            Conj/Fire      1%         6-21      67%         3
 Inner Flame              Hex/Fire       1%         N/A       67%         3
 Stone Arrow              Conj/Erth      2%         3d7       67%         3
 Vampiric Draining        Necr           1%         2d6       67%         3
 Animate Armour           Summ/Erth      2%         N/A       97%         4
 Animate Dead             Necr           1%         N/A       97%         4
 Flame Wave               Conj/Fire      1%         2d4       97%         4
 Summon Forest            Summ/Tloc      0%         N/A       100%        5
 Eringya's Noxious Bog    Tmut/Pois      0%         N/A       100%        6
 Haunt                    Necr/Summ      0%         N/A       100%        7
 Summon Hydra             Summ           0%         N/A       100%        7
 Infestation              Necr           0%         N/A       100%        8
 Lehudib's Crystal Spear  Conj/Erth      0%         10d2      100%        8


Dungeon Overview and Level Annotations

Branches:
Dungeon (4/15)             Temple (1/1) D:4

Altars:
Ashenzari
Cheibriados
Dithmenos
Elyvilon
Hepliaklqana
Kikubaaqudgha
Makhleb
Nemelex Xobeh
Ru
Sif Muna
Trog
Vehumet
Wu Jian
Xom
Yredelemnul
Zin

Shops:
D:3 [


Message History

Aim: a hound (heavily wounded, 57% to hit)
You shoot an arrow. The arrow misses the hound.
The hound bites you but does no damage. The hound misses you.
Fire: a) +0 shortbow
Press: ? - help, Q - select action, (/) - cycle Shift-Dir - straight line, f/p - hound
Aim: a hound (heavily wounded, 57% to hit)
You shoot an arrow. The arrow hits the hound.
The hound is almost dead.
The hound closely misses you. x2
Fire: a) +0 shortbow
Press: ? - help, Q - select action, (/) - cycle Shift-Dir - straight line, f/p - hound
Aim: a hound (almost dead, 57% to hit)
You shoot an arrow. The arrow hits the hound!
You kill the hound!
Vehumet accepts your kill.
You have reached level 5!
Fire: a) +0 shortbow
Press: ? - help, Q - select action, (/) - cycle Shift-Dir - straight line, f - sky beast
Aim: a sky beast (57% to hit)
You shoot an arrow. The arrow hits the sky beast.
The sky beast is moderately wounded.
The sky beast hits you.
* * * LOW HITPOINT WARNING * * *
The sky beast shocks you.
* * * LOW HITPOINT WARNING * * *
The sky beast completely misses you.
Fire: a) +0 shortbow
Press: ? - help, Q - select action, (/) - cycle Shift-Dir - straight line, f/p - sky beast
Aim: a sky beast (moderately wounded, 57% to hit)
You shoot an arrow. The arrow hits the sky beast.
The sky beast is moderately wounded.
The sky beast closely misses you.
Fire: a) +0 shortbow
Press: ? - help, Q - select action, (/) - cycle Shift-Dir - straight line, f/p - sky beast
Aim: a sky beast (moderately wounded, 57% to hit)
You shoot an arrow. The arrow closely misses the sky beast.
The sky beast hits you.
* * * LOW HITPOINT WARNING * * *
The sky beast shocks you.
You die...

#.#............
#.#............
#..............
#..............
#.......##....
#.###.##.##.# ...
..........#.# .
#.#####.#Y#.# #.
...#@#'#### ##### #.
...#.#......# ##...###.
#._.#.#......###..)...#.
#.. #.#..........>....+.
....
..#...............#. .##
#.#..........#....#.
............#....+<
####.........#....##
#.#.......#....'.


You could see a sky beast.

Vanquished Creatures
  2 hounds
  4 adders
  2 dart slugs (D:1)
  An orc (D:3)
  6 ball pythons
  A bat (D:1)
  7 endoplasms
  2 giant cockroaches
  5 goblins
  7 hobgoblins
  6 kobolds
  2 quokkas
  6 frilled lizards
  4 rats
55 creatures vanquished.

Notes
Turn   | Place    | Note
-------+----------+-------------------------------------------
     0 | D:1      | jimonade the Deep Elf Hunter began the quest for the Orb.
     0 | D:1      | Reached XP level 1. HP: 12/12 MP: 3/3
    56 | D:1      | Noticed an eye of devastation
    58 | D:1      | Found a faded altar of an unknown god.
    60 | D:1      | Noticed a great orb of eyes
    60 | D:1      | Noticed a floating eye
    60 | D:1      | Noticed a great orb of eyes
   106 | D:1      | Reached skill level 1 in Spellcasting
   106 | D:1      | Reached XP level 2. HP: 16/16 MP: 3/5
   433 | D:1      | Reached skill level 6 in Ranged Weapons
   527 | D:1      | Reached XP level 3. HP: 21/21 MP: 6/6
  1690 | D:3      | Found Join's Antique Armour Shoppe.
  1800 | D:3      | Reached XP level 4. HP: 26/26 MP: 8/8
  1875 | D:3      | Reached skill level 7 in Ranged Weapons
  2474 | D:4      | Found a staircase to the Ecumenical Temple.
  2489 | Temple   | Entered the Ecumenical Temple
  2522 | Temple   | Became a worshipper of Vehumet
  2549 | D:4      | Found a shimmering altar of Xom.
  2559 | D:4      | Noticed a sky beast
  2571 | D:4      | Reached XP level 5. HP: 13/30 MP: 11/11
  2573 | D:4      | Slain by a sky beast

Illustrated notes

Levels and vault maps discovered:
D:1:      matt_arrival_grand_opening, layout_rooms,
          hellmonk_ecumenical_altar_watching_god
D:2:      layout_loops_ring, patterned_corridor
D:3:      layout_loops_cross, serial_shops, shop, minmay_box_of_dots
D:4:      layout_basic, mainiacjoe_overflow_cross_hatched,
          minmay_temple_entry_offerings, uniq_duvessa
Temple:   hellmonk_temple_two_chambers

Skill      XL: |  1  2  3  4 |
---------------+-------------+-----
Spellcasting   | 1 2 |  2.7
Ranged Weapons | 6 7 |  7.6
Fighting       | 2 |  2.0
Dodging        | |  2.6
Stealth        | |  1.3

Action                   |  1- 3 |  4- 6 || total
-------------------------+-------+-------++-------
 Fire: Shortbow          |    88 |    41 ||   129
  Use: Scroll            |     1 |       ||     1
Armor: Leather armour    |     4 |     1 ||     5
Dodge: Dodged            |    14 |    18 ||    32

Table legend: (Time is in decaauts)
 A = Elapsed time spent in this place.
 B = Non-inter-level travel time spent in this place.
 C = Inter-level travel time spent in this place.
 D = Time resting spent in this place.
 E = Time spent auto-exploring this place.
 F = Levels seen in this place.
 G = Mean time per level.
                   A        B        C        D        E       F      G
               +--------+--------+--------+--------+--------+-----+--------+
         Total |   2599 |   2380 |    219 |      0 |   2039 |   5 |  519.8 |
       Dungeon |   2557 |   2346 |    211 |      0 |   2029 |   4 |  639.2 |
        Temple |     42 |     34 |      8 |      0 |     10 |   1 |   42.0 |
               +--------+--------+--------+--------+--------+-----+--------+

Top non-repeatable levels by time:
     D:3: 968 daAuts
     D:2: 938 daAuts
     D:1: 573 daAuts
     D:4: 77 daAuts
  Temple: 42 daAuts
